 Dungeon Crawl Stone Soup version 0.27-a0-1278-g6cbc8dfb29 (webtiles) character file.

Game seed: 5359989128606446760

74 dickylongcocking the Magician (level 4, -2/32 HPs)
             Began as a Djinni Venom Mage on June 13, 2021.
             Slain by Robin (5 damage)
             ... on level 2 of the Dungeon.
             The game lasted 00:02:26 (2058 turns).

dickylongcocking the Magician (Djinni Venom Mage)   Turns: 2058, Time: 00:02:26

Health: -2/32      AC:  2    Str:  7    XL:     4   Next: 52%
Gold:   0          EV: 11    Int: 18    God:
                   SH:  3    Dex: 13

rFire    + + .     SeeInvis .   b - +0 mace
rCold    x . .     Faith    .   g - +0 buckler
rNeg     . . .     Spirit   .   a - +0 robe
rPois    ∞         Reflect  .   (no helmet)
rElec    .         Harm     .   (no cloak)
rCorr    .         Rampage  .   (no gloves)
Will     .....                  (boots unavailable)
Stlth    ++........             (no amulet)
HPRegen  0.10/turn              (no ring)
MPRegen  0.00/turn              (no ring)

@: flying, very slightly contaminated
A: sickness immunity, fire resistance 2, cold vulnerability 1, float, innate
caster, hp casting, extra vitality 1
a: no special abilities


You were on level 2 of the Dungeon.
You visited 1 branch of the dungeon, and saw 2 of its levels.

Inventory:

Hand Weapons
 b - a +0 mace (weapon)
Armour
 a - a +0 robe (worn)
 g - a +0 buckler (worn)
Jewellery
 i - an amulet of faith
Scrolls
 c - 2 scrolls of identify {unknown}
 f - a scroll of teleportation {unknown}
Potions
 e - a potion of heal wounds {unknown}
 h - a potion of might {unknown}


   Skills:
 * Level 1.0 Fighting
 - Level 2.3 Dodging
 - Level 1.9 Stealth
 * Level 3.5 Spellcasting


You couldn't memorise any spells.
You knew the following spells:

 Your Spells              Type           Power      Damage    Failure   Level
a - Sting                 Tmut/Pois      64%        1d6       6%          1
c - Mephitic Cloud        Conj/Pois/Air  16%        N/A       19%         3
d - Ignite Poison         Fire/Tmut/Pois 16%        N/A       19%         3
e - Olgreb's Toxic Radia  Pois           16%        N/A       52%         4
f - Foxfire               Conj/Fire      64%        2x1d7     6%          1
p - Poisonous Vapours     Pois/Air       32%        N/A       9%          2
Your spell library was empty.

Dungeon Overview and Level Annotations

Branches:
Dungeon (2/15)

Altars:

Annotations:
D:2 Robin


Innate Abilities, Weirdness & Mutations

You are immune to sickness and miasma.
You are immune to poison.
Your flesh is very heat resistant. (rF++)
You are vulnerable to cold. (rC-)
You float through the air rather than walking.
You learn spells naturally, not from books.
Your magical power is your life essence.
You have superior vitality. (+4 HP)


Message History

You see here an adder corpse.
You kill the hobgoblin!
Robin hits you from afar with a +0 spear.
* * * LOW HITPOINT WARNING * * *
Robin says, "Duck!"
Robin says, "Bow before me, strongest of all the hobgoblins!"
Robin hits you from afar with a +0 spear!
* * * LOW HITPOINT WARNING * * *
Okay, then.
Okay, then.
You aren't carrying any items that you can evoke.
Unknown command.
Robin flexes a bicep menacingly.
Robin roars a battlecry!
Press: ? - help, v - describe, . - travel
Here: Robin, wielding a +0 spear, wearing a +0 animal skin and wearing a +1 helmet (heavily wounded, fast, poisoned)
The floor.
It was a potion of curing.
You feel better.
Robin hits you from afar with a +0 spear.
Casting: Olgreb's Toxic Radiance (potentially lethal; 52% risk of failure)
Confirm with . or Enter, or press ? or * to list all spells.
Okay, then.
Press: ? - help, v - describe, . - travel
Here: Robin, wielding a +0 spear, wearing a +0 animal skin and wearing a +1 helmet (heavily wounded, fast, poisoned)
The floor.
Casting: Olgreb's Toxic Radiance (potentially lethal; 52% risk of failure)
Confirm with . or Enter, or press ? or * to list all spells.
Okay, then.
Casting: Olgreb's Toxic Radiance (potentially lethal; 52% risk of failure)
Confirm with . or Enter, or press ? or * to list all spells.
The spell is quite dangerous to cast (19% risk of failure)!
Continue anyway?
Aiming: Mephitic Cloud (quite dangerous; 19% risk of failure)
Press: ? - help, Shift-Dir - straight line, f - Robin
Aim: Robin, wielding a +0 spear, wearing a +0 animal skin and wearing a +1 helmet (heavily wounded, fast, poisoned, chance to affect: 91%)
You miscast Mephitic Cloud.
Nothing appears to happen.
* * * LOW HITPOINT WARNING * * *
Robin hits you from afar with a +0 spear.
* * * LOW HITPOINT WARNING * * *
Robin hits you from afar with a +0 spear.
You die...

### #.. ###### #.# ## #....# #.#
. #....# #.#.# #....######.#.#
#....'..@.g...#
#....######.########
#.........#........#
#########....####.###†####+#+##.
................# #†..........
######....)...#.# #...........
..# #.##.....# # #.).........
... #.##.....# #g.......... #.#
#.##)....# #...........


You could see Robin (fast, poisoned).

Vanquished Creatures
  An adder (D:2)
  A worm (D:2)
  3 dart slugs
  3 ball pythons
  3 endoplasms (D:1)
  3 giant cockroaches
  13 goblins
  6 hobgoblins
  5 bats (D:1)
  3 frilled lizards (D:1)
  6 kobolds
  5 rats
52 creatures vanquished.

Notes
Turn   | Place    | Note
-------+----------+-------------------------------------------
     0 | D:1      | dickylongcocking the Djinni Venom Mage began the quest for
                  | the Orb.
     0 | D:1      | Reached XP level 1. HP: 15/15 MP: 0/0
   296 | D:2      | Reached XP level 2. HP: 15/21 MP: 0/0
   308 | D:2      | Reached skill level 3 in Spellcasting
   637 | D:1      | Reached XP level 3. HP: 25/25 MP: 0/0
   637 | D:1      | Learned a level 1 spell: Foxfire
  1528 | D:1      | Reached XP level 4. HP: 28/31 MP: 0/0
  2042 | D:2      | Noticed Robin
  2050 | D:2      | Reached skill level 1 in Fighting
  2058 | D:2      | Slain by Robin

Illustrated notes

Levels and vault maps discovered:
D:1:      dpeg_arrival_rooms_b, layout_basic, serial_curves, eino_curves_01,
          eino_curves_02
D:2:      layout_basic, uniq_robin

Skill      XL: |  1  2  3  4 |
---------------+-------------+-----
Spellcasting   | 3 |  3.5
Fighting       | 1 |  1.0
Dodging        | |  2.3
Stealth        | |  1.9

Action                   |  1- 3 |  4- 6 || total
-------------------------+-------+-------++-------
Melee: Mace              |    21 |     4 ||    25
       Unarmed           |     1 |       ||     1
 Cast: Sting             |    50 |    21 ||    71
       Poisonous Vapours |     1 |       ||     1
       Olgreb's Toxic Ra |       |     1 ||     1
  Use: Potion            |       |     1 ||     1
 Stab: Sleeping          |     1 |       ||     1
Armor: Robe              |     4 |     3 ||     7
Dodge: Dodged            |    20 |     9 ||    29
Block: Buckler           |       |     4 ||     4

Table legend: (Time is in decaauts)
 A = Elapsed time spent in this place.
 B = Non-inter-level travel time spent in this place.
 C = Inter-level travel time spent in this place.
 D = Time resting spent in this place.
 E = Time spent auto-exploring this place.
 F = Levels seen in this place.
 G = Mean time per level.
                   A        B        C        D        E       F      G
               +--------+--------+--------+--------+--------+-----+--------+
         Total |   2068 |   2032 |     36 |    277 |   1440 |   2 | 1034.0 |
       Dungeon |   2068 |   2032 |     36 |    277 |   1440 |   2 | 1034.0 |
               +--------+--------+--------+--------+--------+-----+--------+

Top non-repeatable levels by time:
     D:1: 1601 daAuts
     D:2: 467 daAuts
